 Dungeon Crawl Stone Soup version 0.15.2 (webtiles) character file.

246 Heini the Covered (level 5, 0/48 HPs)
             Began as a Minotaur Fighter on Feb 8, 2015.
             Killed by divine providence
             ... invoked by an orc priest
              (15 damage)
             ... on Level 4 of the Dungeon.
             The game lasted 00:07:15 (2703 turns).

Heini the Covered (Minotaur Fighter)                Turns: 2703, Time: 00:07:15

HP   0/48        AC 14     Str 21      XL: 5   Next: 84%
MP   2/2         EV  4     Int  3      God:
Gold 253         SH 11     Dex 10      Spells:  0 memorised,  4 levels left

rFire  . . .     SeeInvis .     a - +0 flail
rCold  + . .     Clarity  .     i - +0 plate armour
rNeg   . . .     rCorr    +     A - +2 shield
rPois  .         rRot     .     k - +2 hat
rElec  .         Spirit   .     (no cloak)
SustAb .         Warding  .     (no gloves)
rMut   .         Rnd*Tele +     (no boots)
Gourm  .                        B - amulet of resist corrosion
MR     +....                    v - ring of protection from cold
                                o - ring of protection from magic

@: flying, somewhat resistant to hostile enchantments, extremely unstealthy
A: retaliatory headbutt, horns 2, deterioration 1, dopey 1, teleportitis 1
a: no special abilities


You were on level 4 of the Dungeon.
You were not hungry.

You visited 1 branch of the dungeon, and saw 4 of its levels.

You collected 253 gold pieces.

Inventory:

Hand weapons
 a - a +0 flail (weapon)
Armour
 i - a +0 plate armour (worn)
 k - a +2 hat (worn)
 A - a +2 shield (worn)
Comestibles
 d - 3 bread rations
 q - a meat ration
 z - 2 rotting chunks of worker ant flesh
Scrolls
 f - a scroll of noise
 p - 3 scrolls of teleportation {unknown}
 x - a scroll of random uselessness {unknown}
Jewellery
 o - a ring of protection from magic (left hand)
 v - a ring of protection from cold (right hand)
 B - an amulet of resist corrosion (around neck)
 C - a cursed amulet of inaccuracy {unknown}
Potions
 e - a potion of might
 g - a potion of haste {unknown}
 h - a potion of flight
 j - 2 potions of agility
 r - 2 potions of curing
 t - a potion of resistance {unknown}


   Skills:
 * Level 5.1 Fighting
 * Level 4.4 Maces & Flails
 * Level 5.9 Armour
 - Level 3.6 Shields


You had 4 spell levels left.
You didn't know any spells.

Dungeon Overview and Level Annotations

Branches:
Dungeon (4/15)
 Temple: D:4-7

Altars:


Innate Abilities, Weirdness & Mutations

You reflexively headbutt those who attack you in melee.
You have a pair of horns on your head.
Your body is slowly deteriorating.
You are dopey. (Int -2)
Space occasionally distorts in your vicinity.


Message History

You block the orc priest's attack. The orc hits you but does no damage.
The orc hits you but does no damage. The goblin hits you but does no damage.
The orc priest prays to Beogh.
You feel a wave of unholy energy pass over you.
The orc wizard casts a spell at you. You resist with almost no effort.
You block the orc wizard's attack. The orc priest barely misses you.
The orc priest hits you but does no damage.
You see here 16 gold pieces.
You block the orc wizard's attack. You block the goblin's attack.
You block the orc priest's attack.
The orc wizard hits you but does no damage.
You block the goblin's attack.
The orc priest hits you from afar with a trident.
* * * LOW HITPOINT WARNING * * *
A hound comes into view.
The hound barks!
The orc priest invokes the aid of Beogh against you.
Something smites you!
You die...

.# ###......#............
.# ##...%......).........
.# ##.>...............=...
.# #......................
.##.....<<......$oo......#
...............oo.###!..##
.......######...og# #...#
.....## #.....# #.. ....#
##..@.# . ...# #.....#
....# #|.##.... .....#####
#.# ####... .........##..#
..h.# ....#.......# ...
...# ##....## .<
...###......#
........##..#


You could see a hound, 2 orc priests, an orc wizard, 2 orcs and a goblin.

Vanquished Creatures
  An iguana (D:4)
  2 worker ants (D:4)
  6 adders
  A gnoll (D:1)
  A giant mite (D:3)
  A worm (D:3)
  A giant gecko (D:1)
  An ooze (D:4)
  5 orcs
  A bat skeleton (D:4)
  4 giant cockroaches
  9 goblins
  6 hobgoblins
  12 jackals
  3 kobolds
  7 bats
  9 giant newts
  5 quokkas
  14 rats
89 creatures vanquished.

Notes
Turn   | Place    | Note
--------------------------------------------------------------
     0 | D:1      | Heini, the Minotaur Fighter, began the quest for the Orb.
     0 | D:1      | Reached XP level 1. HP: 19/19 MP: 1/1
    39 | D:1      | Reached skill level 4 in Armour
    39 | D:1      | Reached XP level 2. HP: 14/27 MP: 1/1
   506 | D:1      | Reached XP level 3. HP: 33/33 MP: 2/2
  1030 | D:2      | Reached skill level 5 in Armour
  1030 | D:2      | Reached XP level 4. HP: 28/41 MP: 2/2
  2038 | D:4      | Reached XP level 5. HP: 47/47 MP: 2/2
  2052 | D:4      | Reached skill level 5 in Fighting
  2695 | D:4      | Gained mutation: You are dopey. (Int -2) [potion of mutation]
  2695 | D:4      | Gained mutation: Space occasionally distorts in your vicinity. [potion of mutation]
  2695 | D:4      | Gained mutation: Your body is slowly deteriorating. [potion of mutation]
  2703 | D:4      | Killed from afar by an orc priest

Action                   |  1- 3 |  4- 6 || total
-------------------------+-------+-------++-------
Melee: Flail             |   135 |   134 ||   269
  Use: Scroll            |     1 |     5 ||     6
       Potion            |       |     4 ||     4
  Eat: Chunk             |       |     6 ||     6
